[Event "*** Qualifier 3: Titled Tuesday 3|2 Blitz"]
[Site "Chess.com"]
[Date "2017.04.18"]
[Round "9"]
[White "jcibarra"]
[Black "Keranke"]
[Result "1-0"]
[WhiteElo "2682"]
[BlackElo "2643"]
[TimeControl "180+2"]
[EndTime "14:59:50 PDT"]
[Termination "jcibarra won by resignation"]

1. e4 g6 2. d4 Bg7 3. Nf3 d6 4.
Bc4 e6 5. Bb3 Ne7 6. c3 Nd7 7.
O-O b6 8. Re1 Bb7 9. Bf4 h6 10.
h3 g5 11. Bh2 Ng6 12. Nbd2 Qe7 13. a4 a6 14. Qe2 O-O 15. Bc2 Nf6 16. e5 dxe5 17.
Bxg6 fxg6 18. Nxe5 Kh7 19. Qd3 Qe8 20. Re2 Nd5 21. a5 Rf5 22. axb6 cxb6 23. Rae1 b5 24. Nb3 Nf4 25. Bxf4 gxf4 26. Nc5 Bd5 27. b3 Rd8 28. c4 bxc4 29. bxc4 Ba8 30. f3 h5 31. Nxa6 Qe7 32.
Nc5 Rg5 33. Kh2 Rd6 34. Qc3 Rg3 35. Ncd3 Qh4 36. Rg1 g5 37. c5 g4 38. Nxf4 gxf3 39. gxf3 Rxg1 40. Kxg1 Ra6 41. Qd3+ Kg8 42. Qxa6 1-0

[Event "*** Qualifier 3: Titled Tuesday 3|2 Blitz"]
[Site "Chess.com"]
[Date "2017.04.18"]
[Round "9"]
[White "Sebastian"]
[Black "Rodalquilar"]
[Result "1-0"]
[WhiteElo "2658"]
[BlackElo "2553"]
[TimeControl "180+2"]
[EndTime "14:59:50 PDT"]
[Termination "Sebastian won on time"]

1. e4 e5 2. Nf3 Nc6 3. Bb5 a6 4.
Ba4 Nf6 5. O-O Be7 6. Re1 b5 7. Bb3 d6 8. a4 Bd7 9. Nc3 Nd4 10. Nxd4 exd4 11. Ne2 c5 12. d3 O-O 13. Ng3 Rc8 14.
h3 Re8 15. Qf3 c4 16. Ba2 Be6 17. Rd1 d5 18. dxc4 dxc4 19. Be3 dxe3 20. Rxd8 exf2+ 21. Kxf2 Bc5+ 22. Kf1 Rexd8 23. Rd1 b4 24. Rxd8+ Rxd8 25. Qe2 b3 26. cxb3 cxb3 27. Bb1 Rd4 28. Bd3 Rxa4 29.
Ke1 Ra1+ 30. Kd2 Ra2 31. Kc1 Bd4 32. Bb1 Rxb2 33. Qd3 Rxb1+ 34. Kxb1 Bc5 35. Qd8+ Bf8 36. Nf5 g6 37. Qxf6 gxf5 38. exf5 Bd5 39. Qg5+ Kh8 40. Qd8 Be4+ 41. Kb2 Kg7 42. Qd4+ Kg8 43. Qxe4 1-0

[Event "*** Qualifier 3: Titled Tuesday 3|2 Blitz"]
[Site "Chess.com"]
[Date "2017.04.18"]
[Round "9"]
[White "daro94"]
[Black "Spartakus1975"]
[Result "1-0"]
[WhiteElo "2753"]
[BlackElo "2585"]
[TimeControl "180+2"]
[EndTime "14:59:57 PDT"]
[Termination "daro94 won by resignation"]

1. g3 d5 2. Nf3 c6 3. Bg2 Nf6 4.
O-O Bf5 5. d3 e6 6. b3 h6 7. Bb2 Be7 8. c4 O-O 9. Nbd2 a5 10. a3 Nbd7 11. Ra2 Re8 12. Qa1 Bh7 13. Rc1 Bd6 14. Ne5 Nxe5 15. Bxe5 Bxe5 16. Qxe5 Qe7 17. h3 Nd7 18. Qa1 Nf6 19. Rac2 Rad8 20. Qb2 Rd7 21. b4 axb4 22. axb4 e5 23. cxd5 cxd5 24.
Rc8 Bg6 25. Nf3 d4 26. Rxe8+ Qxe8 27. Rc5 e4 28. Ne5 exd3 29. exd3 Re7 30. Nxg6 fxg6 31.
Qxd4 Kh7 32. Bf3 Re1+ 33. Kg2 Rb1 34. Be4 Qa4 35. Bf3 Rxb4 36. Qe5 Nd7 37. Qe7 Nxc5 38. Qxc5 Qb5 39. Qd6 Qf5 40. Qxb4 b5 41. d4 h5 42. h4 Qd3 43. d5 Kh6 44. Qe4 Qxe4 45. Bxe4 g5 46.
d6 1-0

[Event "*** Qualifier 3: Titled Tuesday 3|2 Blitz"]
[Site "Chess.com"]
[Date "2017.04.18"]
[Round "9"]
[White "Schemato"]
[Black "MyleneFarmer"]
[Result "1-0"]
[WhiteElo "2255"]
[BlackElo "2315"]
[TimeControl "180+2"]
[EndTime "15:00:00 PDT"]
[Termination "Schemato won on time"]

1. c4 c5 2. g3 Nf6 3. Bg2 d5 4.
cxd5 Nxd5 5. Nc3 Nc7 6. Nf3 Nc6 7. a3 e5 8. b4 cxb4 9. axb4 f6 10. b5 Nd4 11.
Nxd4 exd4 12. Ne4 Be7 13. b6 axb6 14. Rxa8 Nxa8 15. Qb3 Bd7 16. O-O Bc6 17. Ba3 Bd5 18. Bxe7 Kxe7 19. Qb4+ Kf7 20. Qxd4 Bxe4 21. Qxe4 Nc7 22.
Qxb7 Re8 23. e3 Qd6 24. d4 Re7 25. Rc1 Ne6 26. Qd5 Rd7 27. Qb3 Rc7 28. Rxc7+ Qxc7 29. Bh3 Qc6 30. d5 Qc1+ 31. Kg2 Ng5 32. Qxb6 Qd1 33. Be6+ Kg6 34. Qd4 Qf3+ 35. Kg1 f5 36. Qh4 Qd1+ 37. Kg2 Qf3+ 38. Kf1 Qd1+ 39. Kg2 Qf3+ 40.
Kg1 Qd1+ 41. Kg2 Qf3+ 42. Kg1 1-0

[Event "*** Qualifier 3: Titled Tuesday 3|2 Blitz"]
[Site "Chess.com"]
[Date "2017.04.18"]
[Round "9"]
[White "Wolverine_master"]
[Black "FearlessKing64"]
[Result "1-0"]
[WhiteElo "1986"]
[BlackElo "2121"]
[TimeControl "180+2"]
[EndTime "15:00:03 PDT"]
[Termination "Wolverine_master won by resignation"]

1. Nf3 Nf6 2. c4 g6 3. Nc3 d5 4. g3 Bg7 5. cxd5 Nxd5 6. Bg2 Nb6 7. O-O Nc6 8. d3 O-O 9. Be3 e5 10. a3 h6 11. Rc1 Be6 12. b4 Rb8 13. Na4 Nxa4 14. Qxa4 Qd7 15. b5 Nd4 16. Nxd4 exd4 17. Bf4 Rfc8 18. Qxa7 Qxb5 19. Bxc7 Ra8 20. Qxb7 Qh5 21.
Bd6 Qxe2 22. Rxc8+ Rxc8 23. a4 Qxd3 24. a5 Qe2 25. a6 d3 26. a7 d2 27. Bf3 Qd3 28.
a8=Q Rxa8 29. Qxa8+ Kh7 30. Be5 Bxe5 31. Qe4 Qxe4 32.
Bxe4 Bg4 33. f3 Bd4+ 34. Kg2 Bd7 35. Bc2 Bb2 36. Kf2 Bc1 37. Bd1 Kg7 38. Ke3 f5 39. f4 Kf6 40. Kd4 Bb5 41. Rf3 g5 42. Rb3 Bd7 43. Rb6+ Kf7 44. Rxh6 gxf4 45. gxf4 Be6 46. h4 Kg7 1-0

[Event "*** Qualifier 3: Titled Tuesday 3|2 Blitz"]
[Site "Chess.com"]
[Date "2017.04.18"]
[Round "9"]
[White "pastouche06"]
[Black "prochn"]
[Result "0-1"]
[WhiteElo "2301"]
[BlackElo "2208"]
[TimeControl "180+2"]
[EndTime "15:00:11 PDT"]
[Termination "prochn won by resignation"]

1. c4 c6 2. Nf3 d5 3. e3 Nf6 4. d4 Bf5 5. Nc3 a6 6. Be2 e6 7. Nh4 Be4 8. f3 Bg6 9. Qb3 Qc7 10. g3 Bd6 11. Kf2 Nbd7 12. Bd2 O-O 13. Nxg6 hxg6 14. Rac1 Qd8 15. Qxb7 Rb8 16. Qxc6 Rb6 17.
Qa4 Rxb2 18. Rhd1 dxc4 19. Qxc4 Qa5 20. Qxa6 Qh5 21. Kg2 Bb4 22. Rb1 Rxd2 23. Rxb4 Nb8 24. Qb5 Qxb5 25. Rxb5 Rc2 26. Rbb1 Rxc3 27. Kf2 Nc6 28.
Rd2 Ra8 29. Bb5 Ne7 30. a4 Ned5 31. e4 Nc7 32. Rdb2 Nxb5 33. axb5 Rb8 34. b6 Kf8 35. b7 Rc7 36. Ke3 Ke7 37. Rb6 Rc2 38.
Ra1 Kd7 39. Raa6 Kc7 40. Kd3 Rxh2 41. Rc6+ Kd7 42. Rcb6 Rf2 43. Rd6+ Ke7 44. Ke3 Rb2 45.
e5 Nd5+ 0-1

[Event "*** Qualifier 3: Titled Tuesday 3|2 Blitz"]
[Site "Chess.com"]
[Date "2017.04.18"]
[Round "9"]
[White "Ilja_Semjonovs"]
[Black "aRk_iN"]
[Result "1-0"]
[WhiteElo "2215"]
[BlackElo "2098"]
[TimeControl "180+2"]
[EndTime "15:00:23 PDT"]
[Termination "Ilja_Semjonovs won by resignation"]

1. d4 Nf6 2. Nf3 g6 3. Bg5 Bg7 4. Bxf6 exf6 5. e3 O-O 6. c3 d5 7. Bd3 Nc6 8. Nbd2 Ne7 9. Qc2 Bf5 10. e4 dxe4 11. Nxe4 Nd5 12. O-O Nf4 13. Nc5 Nxd3 14.
Nxd3 c5 15. Qd2 c4 16. Nb4 a5 17. Nc2 Qb6 18. Ne3 Bd3 19. Rfd1 Rac8 20. Ne1 Be4 21. f3 Bd3 22. Nxd3 cxd3 23. Rab1 Bh6 24. Qxd3 Rfe8 25. Nc2 Re7 26. Re1 Rxe1+ 27. Nxe1 Re8 28. Nc2 Bf4 29. g3 Bd6 30. b3 h5 31. Re1 Rxe1+ 32.
Nxe1 h4 33. f4 hxg3 34. hxg3 Qc7 35. Nf3 b5 36. Kg2 Kg7 37. c4 bxc4 38. bxc4 Qb7 39. Qe2 Qb4 40. c5 Bb8 41. Qc2 a4 42. d5 a3 43. Kh3 Qb2 44. Qc4 Qf2 45. Nh2 g5 46. d6 g4+ 47. Nxg4 Qf1+ 48. Qxf1 1-0

[Event "*** Qualifier 3: Titled Tuesday 3|2 Blitz"]
[Site "Chess.com"]
[Date "2017.04.18"]
[Round "9"]
[White "abubakrtagelsir"]
[Black "Jamaladam12200620"]
[Result "1-0"]
[WhiteElo "2173"]
[BlackElo "1992"]
[TimeControl "180+2"]
[EndTime "15:00:36 PDT"]
[Termination "abubakrtagelsir won by resignation"]

1. e4 e6 2. d4 d5 3. Nc3 dxe4 4. Nxe4 Bd7 5. Nf3 Bc6 6. Ng3 Nd7 7. Bd3 Ngf6 8. O-O Bd6 9. c3 O-O 10. Qe2 Re8 11. Bd2 a6 12. Rae1 b5 13. Bb1 Bd5 14. b3 c5 15. Ne5 Qc7 16. f4 Qb6 17. Be3 c4 18. bxc4 bxc4 19. Nxc4 Qc7 20. Nxd6 Qxd6 21. c4 Bc6 22. Qc2 Reb8 23. f5 e5 24. d5 Bb7 25.
Rd1 Rc8 26. Qe2 a5 27. Nh5 Ba6 28. Nxf6+ Nxf6 29. Rc1 Qb4 30. Bg5 Bxc4 31. Bd3 Bxd3 32. Qxd3 Ne4 33. Rb1 Qd4+ 34. Qxd4 exd4 35. Bf4 Rd8 36.
Rfe1 Nc3 37. Rb2 Rxd5 38. g4 f6 39. Re7 d3 40. Bd2 Nb5 41. a4 Nd6 42. Rd7 Re8 43.
Kf1 Re2 44. Rb8+ Re8 45. Rxe8+ Nxe8 46. Rxd5 Kf7 47. Rxd3 Nc7 48. Bxa5 1-0

[Event "*** Qualifier 3: Titled Tuesday 3|2 Blitz"]
[Site "Chess.com"]
[Date "2017.04.18"]
[Round "9"]
[White "DryCounty"]
[Black "kikydu96"]
[Result "0-1"]
[WhiteElo "2431"]
[BlackElo "2369"]
[TimeControl "180+2"]
[EndTime "15:00:47 PDT"]
[Termination "kikydu96 won by resignation"]

1. e4 e5 2. Nf3 Nc6 3. d4 exd4 4.
Bc4 Nf6 5. e5 d5 6. Bb5 Ng4 7.
O-O Be7 8. h3 Nh6 9. Nxd4 Bd7 10. Bxc6 bxc6 11. Bxh6 gxh6 12. e6 Bxe6 13. Nxc6 Qd6 14.
Nxe7 Qxe7 15. Nc3 O-O-O 16. Qd4 c5 17. Qa4 Qd7 18. Qa5 Qc7 19. Qxc7+ Kxc7 20. Ne2 d4 21. c3 Bc4 22. Rfe1 Rhe8 23. Ng3 Rxe1+ 24. Rxe1 Bxa2 25. cxd4 cxd4 26. Ra1 d3 27. Nf1 d2 28. Nxd2 Rxd2 29. Rxa2 Kb6 30. g4 a5 31. Kg2 Kb5 32. Kf3 Rd3+ 33.
Ke2 Rxh3 34. Ra1 Rb3 35. Rh1 Rxb2+ 36. Kd3 Rxf2 37. Rxh6 Kb4 38. Rb6+ Kc5 39. Ra6 Kb5 40. Ra8 Rf4 41. g5 Rf5 42. Ra7 Rxg5 43. Rxf7 h5 44.
Rh7 Kb4 45. Kc2 a4 46. Rb7+ Ka3 47. Rf7 Rg4 48. Rh7 h4 49. Kb1 Kb3 50. Rb7+ Rb4 51. Rh7 a3 52. Ka1 Rc4 53. Rb7+ Kc3 54. Ka2 Kd3 55.
Kxa3 Ke2 56. Kb3 Rg4 57. Rh7 Rg3+ 58. Kc2 h3 59. Re7+ Kf2 60. Kd2 h2 61. Re1 Rg1 62. Re2+ Kg3 63. Re3+ Kf4 64. Rh3 h1=Q 65. Rxh1 Rxh1 0-1

[Event "*** Qualifier 3: Titled Tuesday 3|2 Blitz"]
[Site "Chess.com"]
[Date "2017.04.18"]
[Round "9"]
[White "JoachimBN"]
[Black "GMMarcinDziuba"]
[Result "1-0"]
[WhiteElo "2662"]
[BlackElo "2541"]
[TimeControl "180+2"]
[EndTime "15:00:57 PDT"]
[Termination "JoachimBN won by resignation"]

1. c4 e5 2. Nc3 Nc6 3. Nf3 Nf6 4.
e3 Bb4 5. Qc2 Bxc3 6. Qxc3 d6 7.
a3 O-O 8. d3 a5 9. b3 Re8 10. Bb2 d5 11. cxd5 Nxd5 12. Qc2 f6 13. Be2 Be6 14. O-O Bf7 15. Kh1 Nce7 16. Rg1 b6 17. g4 h6 18. d4 e4 19. Nd2 Bg6 20. h4 Nc8 21. h5 Bh7 22. Bb5 Re6 23. Bc6 Ra7 24. Rac1 Nce7 25. Bb5 c6 26. Be2 Kh8 27. Nc4 Ng8 28. Rg2 Rf7 29. Qd1 Rb7 30. Qg1 Nge7 31. Qh2 Qc7 32. Qxc7 Rxc7 33. Rgg1 Ra7 34. Rc2 b5 35. Nd2 a4 36. bxa4 Rxa4 37. Nb3 Ra7 38. Rgc1 Rd6 39. Nc5 Rd8 40. Kg2 Rda8 41. Kg3 Kg8 42.
Ne6 Kf7 43. Nf4 Nxf4 44. Kxf4 Ke8 45. Rxc6 Nxc6 46. Rxc6 Rb8 47. Bd1 Kd7 48. Rc5 Rc7 49. Rxc7+ Kxc7 50. Bc3 Re8 51. Bb3 Kc6 52. Bb4 Kc7 53.
d5 Kd7 54. a4 Rb8 55. axb5 Kd8 56. b6 Kc8 57. Bc5 Bg8 58. Kxe4 Kb7 59. Ba4 Ka6 60.
Bc6 Bf7 61. Kd4 Be8 62. e4 Rc8 63. b7 Rd8 64. Be7 Bxc6 65. Bxd8 Bxb7 66. Be7 Bc8 67. f3 1-0

[Event "*** Qualifier 3: Titled Tuesday 3|2 Blitz"]
[Site "Chess.com"]
[Date "2017.04.18"]
[Round "9"]
[White "nurmiTV"]
[Black "scrapnel"]
[Result "1/2-1/2"]
[WhiteElo "2430"]
[BlackElo "2402"]
[TimeControl "180+2"]
[EndTime "15:01:25 PDT"]
[Termination "Game drawn by repetition"]

1. c4 e5 2. Nc3 Nf6 3. g3 Bb4 4. Nd5 Nxd5 5. cxd5 O-O 6. Bg2 Re8 7. a3 Bf8 8. d3 c6 9. dxc6 Nxc6 10. Nf3 d5 11. O-O Bg4 12. h3 Bf5 13. b4 h6 14.
Bb2 a6 15. Rc1 Qd7 16. Kh2 Rad8 17. Qa4 e4 18. dxe4 Bxe4 19. Rfd1 Bxf3 20. Bxf3 Nd4 21.
Qxd7 Nxf3+ 22. exf3 Rxd7 23. Rd2 f6 24. Kg2 Kf7 25.
f4 h5 26. Kf3 g6 27. Rcd1 Red8 28. Ke3 Bh6 29. Rc2 Re8+ 30. Kd3 h4 31. Bd4 Re4 32.
Rdc1 g5 33. Rc7 Ke6 34. Rxd7 Kxd7 35. Rc5 Kd6 36. fxg5 Bxg5 37. g4 Rf4 38. Rc3 Rf3+ 39. Ke2 Rxc3 40. Bxc3 b5 41. Kd3 Ke6 42. Bb2 f5 43. f3 fxg4 44. fxg4 Bf4 45. Ke2 Bg5 46. Kd3 Kd6 47. Kc2 Ke6 48. Kb3 Kd6 49. a4 Ke6 50. axb5 axb5 51. Kc2 Be7 52. Bc3 d4 53. Be1 Kd5 54. Kd3 Bg5 55. Bf2 Bf6 56. Be1 Bg5 57.
Bf2 Bf6 58. Bg1 Bg7 59. Bh2 Bf8 60. Bg1 Bxb4 61. Bxd4 Be7 62. Be3 b4 63. Bd4 b3 64.
Bb2 Bg5 65. Bc3 Be7 66. Bb2 Bg5 67. Bc3 Be7 68. Bb2 1/2-1/2

[Event "*** Qualifier 3: Titled Tuesday 3|2 Blitz"]
[Site "Chess.com"]
[Date "2017.04.18"]
[Round "9"]
[White "GamayevOleg"]
[Black "woodhy"]
[Result "0-1"]
[WhiteElo "2392"]
[BlackElo "2363"]
[TimeControl "180+2"]
[EndTime "15:01:41 PDT"]
[Termination "woodhy won by resignation"]

1. d3 e6 2. e4 d5 3. Nf3 Nf6 4. Nbd2 c5 5. Be2 Nc6 6. O-O Be7 7. Re1 b6 8. c3 Bb7 9. a4 O-O 10. exd5 Nxd5 11. Nb3 Bf6 12. Bf1 Ba6 13. a5 Qc7 14. axb6 axb6 15. Qc2 Rfd8 16. Bg5 Bxg5 17. Nxg5 h6 18. Nf3 Nf4 19. Rad1 Bb7 20. Nbd2 Ne7 21. g3 Nfg6 22. Bg2 Bc6 23. Nc4 Qb7 24. Qe2 b5 25.
Ncd2 Ra2 26. Ne4 Qb6 27. Rb1 Nf5 28. Ra1 Rxa1 29. Rxa1 Nd6 30. Nxd6 Rxd6 31. Ne1 Bxg2 32. Kxg2 Qb7+ 33. Qf3 Qd7 34. Qe3 Qc6+ 35. Kg1 Ne7 36.
Qe4 Qxe4 37. dxe4 Rd2 38. Rb1 Nc6 39. Nf3 Re2 40. Kf1 Rxe4 41. Ra1 b4 42. Ra8+ Kh7 43. Rc8 bxc3 44. bxc3 Ne5 45. Nd2 Ra4 46. Rxc5 Nd3 47. Rc7 Ra2 48. Ke2 Nxf2 49. Kxf2 Rxd2+ 50. Ke3 Rxh2 51. Rxf7 Rg2 52. Kf3 Rc2 53. Rc7 Kg6 54. Kf4 Kf6 55. g4 g5+ 56. Ke4 Rf2 57. Rc4 Rf4+ 58. Kd3 Ke5 59. Rb4 Kd5 60. Rb5+ Kc6 61. Rb4 Kd5 62.
Rb5+ Kc6 63. Rb4 Kc5 64. Re4 Kd5 65. Rb4 e5 66. Rb5+ Kd6 67. Rb6+ Kc5 68. Rxh6 Rxg4 69. Rh8 Kd5 70. c4+ Kc5 71. Rc8+ Kd6 72. Rd8+ Ke7 73. Rd5 Ke6 74. Rd8 Rg3+ 75. Ke4 Rg4+ 76. Kd3 Rf4 77. c5 Ke7 78. Rd5 Ke6 79. Rd6+ Ke7 80. Rd5 Ke6 81. Rd6+ Kf5 82. c6 Rf1 83. Kd2 Rf2+ 84. Kc3 Rf1 85. Rd2 Rc1+ 86. Rc2 Rxc2+ 87. Kxc2 Ke6 88. Kd3 Kd6 89. Ke4 g4 0-1

[Event "*** Qualifier 3: Titled Tuesday 3|2 Blitz"]
[Site "Chess.com"]
[Date "2017.04.18"]
[Round "9"]
[White "chessking2151"]
[Black "Aygehovit1992"]
[Result "1/2-1/2"]
[WhiteElo "2339"]
[BlackElo "2422"]
[TimeControl "180+2"]
[EndTime "15:01:54 PDT"]
[Termination "Game drawn by agreement"]

1. e4 d6 2. d4 g6 3. Nc3 Nf6 4. Be3 Bg7 5. Nf3 O-O 6. h3 c6 7. a4 Nbd7 8. g4 e5 9. dxe5 Nxe5 10.
Nxe5 dxe5 11. Bc5 Qa5 12. b4 Qc7 13. Bd6 Qd8 14. Bxe5 Nxe4 15. Qxd8 Bxe5 16. Qxf8+ Kxf8 17. Nxe4 Bxa1 18. Bc4 Be5 19. O-O h5 20. Re1 hxg4 21. Ng5 Bd4 22. Bxf7 g3 23. Re8+ Kg7 24. Rg8+ Kf6 25.
Rxg6+ Kf5 26. Nf3 Bxf2+ 27. Kg2 Ke4 28. Rf6 Bd7 29. Bg6+ Ke3 30. Rf7 Bxh3+ 31. Kxh3 Ke2 32. Kg2 b5 33. axb5 cxb5 34. Bd3+ Kd1 35. Rh7 Kc1 36.
Bxb5 Kxc2 37. Bc6 Rc8 38. b5 Kc3 39. Ng5 Kb4 40. Ne4 Bb6 41. Nxg3 a6 42. Rh4+ Ka5 43.
Rh5 axb5 44. Bxb5 Rc2+ 45. Kh3 Rc5 46. Be2 Rxh5+ 47. Bxh5 Bc7 48. Nf5 Kb4 49. Bf7 Kc5 50. Kg4 Be5 51. Kf3 Bh2 52. Ke4 Bb8 53. Ba2 Bh2 54.
Ne3 Bb8 55. Nc2 Bh2 56. Kd3 Bb8 57. Kc3 Bh2 58. Kb3 Be5 59. Ne1 Bg3 60. Nd3+ Kd4 61. Kc2 Bb8 62. Nb4 Bh2 63. Bb3 Kc5 64. Nd3+ Kd4 65.
Ne1 Bb8 66. Kd2 Bf4+ 67. Ke2 Bb8 68. Be6 Bg3 69. Nf3+ Kc5 70. Kd3 Bb8 71. Nd2 Bf4 72.
Ne4+ Kc6 73. Kc4 Bh2 74. Bd5+ Kd7 75. Kd4 Bg1+ 76. Ke5 Bh2+ 77. Kf5 Bb8 78. Ba8 Bh2 1/2-1/2

[Event "*** Qualifier 3: Titled Tuesday 3|2 Blitz"]
[Site "Chess.com"]
[Date "2017.04.18"]
[Round "9"]
[White "WanderingPuppet"]
[Black "Alex_Molchanov"]
[Result "1-0"]
[WhiteElo "2314"]
[BlackElo "2414"]
[TimeControl "180+2"]
[EndTime "15:02:13 PDT"]
[Termination "WanderingPuppet won by resignation"]

1. e4 c6 2. Nc3 d5 3. Nf3 Nf6 4. e5 Ne4 5. d4 Nxc3 6. bxc3 Bf5 7. Bd3 Bxd3 8. Qxd3 e6 9. Rb1 b5 10. O-O Nd7 11. Ng5 h6 12. Nxe6 fxe6 13. Qg6+ Ke7 14.
Ba3+ c5 15. dxc5 Qe8 16. c6+ Kd8 17. Qxe8+ Kxe8 18. cxd7+ Kxd7 19. Bxf8 Rhxf8 20. Rxb5 Rfc8 21. Rb7+ Rc7 22. Rxc7+ Kxc7 23. Rb1 Rf8 24. Rb4 g5 25. g3 Rf3 26. c4 Kc6 27. cxd5+ Kxd5 28. Rb5+ Kd4 29.
Ra5 Rc3 30. Rxa7 Kxe5 31. a4 Rxc2 32. a5 Ra2 33. Kg2 g4 34. Rg7 Kf5 35. Rh7 Rxa5 36. Rxh6 Ra1 37. Rh5+ Kf6 38. h3 gxh3+ 39. Rxh3 Kg5 40.
Rh4 e5 41. Rb4 Kf5 42. Rb3 Ra5 43. Rb8 Ra2 44. Rf8+ Kg5 45. Re8 Kf5 46. Rf8+ Ke6 47. Kf3 Ra4 48. g4 Ke7 49. Rf5 Ke6 50. Kg3 Ra8 51. Rf3 Rh8 52. g5 Rh1 53. Rf6+ Ke7 54. Kg4 Rh2 55. f3 Rh1 56. Kf5 Rg1 57. Re6+ Kf7 58.
Rxe5 Ra1 59. f4 Ra7 60. g6+ Kg7 61. Kg5 Ra1 62. Re7+ Kf8 63. Rf7+ Kg8 64. Rc7 Ra6 65. f5 Ra5 66. Kf6 Ra6+ 67. Kg5 Ra5 68. Kh6 Ra8 69. f6 Rb8 70. Rd7 Ra8 71. Re7 Rb8 72. f7+ Kf8 73. Re8+ Rxe8 74. fxe8=Q+ Kxe8 75. Kh7 Kf8 76. g7+ Ke7 77. g8=Q 1-0

[Event "*** Qualifier 3: Titled Tuesday 3|2 Blitz"]
[Site "Chess.com"]
[Date "2017.04.18"]
[Round "9"]
[White "Grebeniuk-S"]
[Black "MITerryble"]
[Result "0-1"]
[WhiteElo "2424"]
[BlackElo "2642"]
[TimeControl "180+2"]
[EndTime "15:02:23 PDT"]
[Termination "MITerryble won by resignation"]

1. d4 e6 2. Nf3 Nf6 3. e3 b6 4. Bd3 Bb7 5. Nbd2 Be7 6. O-O O-O 7.
b3 d5 8. Bb2 Ne4 9. c4 f5 10. Rc1 Nd7 11. Qe2 a6 12. Ne5 Nxe5 13. dxe5 Nxd2 14. Qxd2 dxc4 15. bxc4 Qe8 16. Qe2 Rd8 17.
Rfd1 Qg6 18. f3 Bc5 19. Kh1 Qh6 20. Re1 Rd7 21. Rcd1 Rfd8 22. Bc1 Qh5 23. Bc2 g5 24. Rxd7 Rxd7 25. e4 f4 26. Ba4 c6 27. Rd1 Qe8 28. Rxd7 Qxd7 29. Qd2 Qe7 30. g3 Be3 31. Qd1 b5 32.
Bb3 Bxc1 33. Qxc1 fxg3 34. hxg3 h6 35. cxb5 axb5 36. Qd2 Kf7 37. Kg2 c5 38. Qc3 c4 39.
Bc2 Qc5 40. Qd2 Ke7 41. Kh3 c3 42. Qe2 Qxe5 43. Qd3 Qc5 44. f4 gxf4 45. gxf4 b4 46. e5 Bd5 47. Qh7+ Kd8 48. Qh8+ Kc7 49. Qxh6 Qe3+ 50. Kg4 Qe2+ 51. Kg5 Qxc2 52. Kf6 Qxa2 53. Qf8 Qa5 54. Qd6+ Kb7 55. f5 exf5 56. e6 Bxe6 57. Qe7+ Qc7 58. Qxb4+ Qb6 59. Qxc3 Bc8+ 60. Kg5 Qg1+ 61.
Kf6 Qb6+ 62. Kg5 Bd7 63. Qf3+ Kc7 64. Qc3+ Qc6 65. Qa5+ Kd6 66. Qd2+ Ke7 67. Qe3+ Kf7 68. Qb3+ Be6 69. Qb2 Bd7 70. Qb3+ Qe6 71. Qb2 Qg6+ 72.
Kf4 Qg4+ 73. Ke3 Qg3+ 0-1

[Event "*** Qualifier 3: Titled Tuesday 3|2 Blitz"]
[Site "Chess.com"]
[Date "2017.04.18"]
[Round "9"]
[White "SabinaFoisor"]
[Black "JusticeBot"]
[Result "1/2-1/2"]
[WhiteElo "2282"]
[BlackElo "2515"]
[TimeControl "180+2"]
[EndTime "15:03:18 PDT"]
[Termination "Game drawn by 50-move rule"]

1. d4 Nf6 2. Nf3 g6 3. Bf4 Bg7 4. e3 O-O 5. Bc4 d6 6. Nbd2 Nbd7 7. h3 Qe8 8. Bh2 e5 9. O-O Qe7 10. a3 b6 11. b4 Bb7 12. Bb3 e4 13. Ne1 Rfe8 14. c4 Nf8 15. Nc2 g5 16. a4 Ng6 17.
a5 h5 18. axb6 axb6 19. Rxa8 Rxa8 20. Qb1 g4 21. hxg4 Nxg4 22. Qb2 Qg5 23. Ra1 Nxh2 24. Kxh2 Nh4 25. Rxa8+ Bxa8 26. Ne1 Bb7 27. Qa2 Qd8 28.
c5 dxc5 29. Bxf7+ Kh7 30. bxc5 bxc5 31. Qb1 Qd6+ 32. g3 Qb6 33. Qxb6 cxb6 34. gxh4 cxd4 35.
Nc2 dxe3 36. Nxe3 Bf6 37. Kg3 Be5+ 38. Kg2 Bf6 39. Bxh5 Bxh4 40. Bg4 Kg6 41. Bf5+ Kf6 42. Bxe4 Bxe4+ 43. Nxe4+ Ke5 44. Nc3 Bxf2 45. Kxf2 Kd4 46. Na2 b5 47. Nc2+ Kd3 48. Nab4+ Kc3 49. Ke3 Kc4 50. Ke4 Kc5 51. Ke5 Kc4 52. Kd6 Kc3 53. Kd5 Kd2 54. Kd4 Ke2 55. Kc3 Kf3 56. Kd3 Kf4 57.
Nd4 Ke5 58. Ke3 Kd6 59. Ke4 Kc5 60. Ndc6 Kc4 61. Ke3 Kc5 62. Kd3 Kd6 63. Kd4 Ke6 64. Ne5 Kd6 65. Ned3 Ke6 66. Nc5+ Kd6 67. Nb7+ Ke6 68.
Ke4 Kf6 69. Nc5 Kg5 70. Ne6+ Kf6 71. Nd4 Kg5 72. Ke5 Kg4 73. Ke4 Kg5 74. Nf5 Kf6 75.
Ne3 Ke6 76. Ned5 Kd6 77. Kd4 Ke6 78. Ne3 Kd6 79. Nf5+ Ke6 80. Ke4 Kf6 81. Nd4 Kg5 82. Ke5 Kg4 83. Ke4 Kg5 84. Nf3+ Kf6 85. Nh4 Ke6 86.
Nf5 Kf6 87. Nd4 Ke7 88. Ke5 Kf7 89. Ne6 Kg6 90. Nf4+ Kg5 91. Ne6+ Kg4 92. Ke4 Kg3 93. Ke3 Kg4 94. Nd4 Kg5 95. Kf3 Kf6 96. Kf4 Ke7 97.
Ke5 Kf7 98. Nf5 Kg8 99. Kf6 Kh8 100. Kf7 Kh7 101. Nd5 Kh8 102. Nf6 1/2-1/2

[Event "*** Qualifier 3: Titled Tuesday 3|2 Blitz"]
[Site "Chess.com"]
[Date "2017.04.18"]
[Round "9"]
[White "roldieyi"]
[Black "Rating-Schmating"]
[Result "0-1"]
[WhiteElo "2222"]
[BlackElo "2299"]
[TimeControl "180+2"]
[EndTime "15:04:41 PDT"]
[Termination "Rating-Schmating won on time"]

1. d4 Nf6 2. Nf3 d5 3. c4 Nc6 4. Nc3 Bf5 5. Bf4 e6 6. c5 Nd7 7. a3 e5 8. dxe5 Nxc5 9. Qxd5 Be6 10. Qxd8+ Rxd8 11. e3 Be7 12. Bb5 a6 13. Bxc6+ bxc6 14. O-O O-O 15. Nd4 Bd7 16. Rad1 Ne6 17. Bg3 c5 18. Nf5 Rfe8 19. Nxe7+ Rxe7 20. Nd5 Ree8 21. f4 Ba4 22. e4 Bxd1 23. f5 Ng5 24. Nxc7 Bc2 25.
Nxe8 Rxe8 26. e6 Nxe4 27. exf7+ Kxf7 28. Rc1 Nxg3 29. Rxc2 Ne4 30. b4 cxb4 31. axb4 Rb8 32. Rc4 Nd6 33. Rc6 Nxf5 34. Rxa6 Rxb4 35. h3 Rb2 36. Kh2 h5 37. Kg1 h4 38. Rc6 Kg8 39. Rg6 Kh7 40. Rg5 g6 41. Rg4 Kh6 42. Ra4 Kh5 43. Ra5 Kh6 44. Ra4 Rb1+ 45. Kf2 Kg5 46. Rg4+ Kf6 47. Ra4 Rb2+ 48. Kf3 Rb3+ 49. Kf2 Ke5 50.
Rg4 Rg3 51. Ra4 Nd4 52. Ra8 Kf4 53. Rf8+ Nf5 54. Ra8 Rd3 55. Ra4+ Nd4 56. Ra8 Rd2+ 57. Kg1 Nf5 58. Rg8 Rd1+ 59. Kf2 Ng3 60. Rf8+ Kg5 61.
Ke3 Re1+ 62. Kd3 Nf5 63. Ra8 Re3+ 64. Kd2 Rg3 65. Ke1 Rxg2 66. Kf1 Rh2 67. Ra3 Ng3+ 68. Kg1 Rh1+ 69. Kg2 Rb1 70. Ra5+ Nf5 71. Ra2 Nd6 72. Ra5+ Kf4 73. Ra4+ Ne4 74. Ra6 Rb2+ 75. Kg1 Kf3 76. Ra3+ Kf4 77. Ra6 g5 78. Ra3 Nd6 79. Ra4+ Kf5 80.
Ra5+ Kg6 81. Ra6 Rd2 82. Kf1 Kh5 83. Kg1 Nf5 84. Ra5 Ne3 85. Ra3 Nd5 86. Ra5 Nf4 87.
Ra3 Kg6 88. Rf3 Kf5 89. Ra3 Rd3 90. Ra5+ Ke4 91. Kh1 Kf3 92. Rxg5 Rd1+ 93. Kh2 Rd2+ 94. Kh1 Nxh3 95. Rf5+ Nf4 96. Rf8 h3 97. Rf7 Rd4 98. Rf8 Kg3 99. Rg8+ Kh4 100. Rh8+ Nh5 101. Rg8 Ng3+ 102. Kg1 Rd1+ 103. Kf2 Rf1+ 104. Ke3 h2 105. Rh8+ Nh5 106. Ke2 h1=Q 107. Rxh5+ Kxh5 0-1